Map: Station Proxima EC

Players

Duplo

  • Race: Zerg Zerg
  • League: Gold
  • Spawn Location: 1:00

zidar - Winner!

  • Race: Zerg Zerg
  • League: Gold
  • Spawn Location: 7:00

VOD

Have the link to the VOD?

Description

Time

  • Played on: July 8, 2017, 2:32 p.m.
  • Length: 11:02
Show
View Real Time Build Order
Export as new Build Order

Duplo Zerg 

Build Orders: Hatch First 

Get SALT Encoding   

  12  0:01  Drone  
  13  0:12  Overlord  
  13  0:17  Drone  
  14  0:32  Drone  
  14  0:33  Drone  
  14  0:35  Drone  
  17  0:59  Drone  
  17  1:00  Hatchery  
  17  1:02  Drone  
  18  1:26  Spawning Pool  
  17  1:33  Drone  
  17  1:34  Drone x2  
  17  1:36  Extractor  
  19  1:55  Drone  
  20  2:02  Drone  
  20  2:06  Overlord  
  21  2:12  Queen x2  
  21  2:14  Drone  
  26  2:23  Spine Crawler  
  26  2:29  Evolution Chamber  
  24  2:38  Spine Crawler  
  24  2:41  Drone x2  
  24  2:42  Drone  
  26  2:45  Drone  
  27  2:57  Overlord  
  27  3:15  Drone x5  
  32  3:22  Spine Crawler  
  32  3:26  Spine Crawler  
  30  3:28  Spine Crawler  
  29  3:39  Spine Crawler  
  29  3:41  Metabolic Boost  
  28  3:43  Zerg Melee Weapons Level 1  
  28  3:53  Spine Crawler  
  27  4:00  Spine Crawler  
  27  4:02  Drone  
  27  4:03  Roach Warren  
  27  4:04  Drone  
  27  4:19  Drone x2  
  27  4:20  Drone x2  
  31  4:24  Zergling x4  
  31  4:25  Zergling x2  
  31  4:28  Drone  
  31  4:30  Drone  
  36  4:33  Drone  
  36  4:35  Drone  
  38  4:44  Evolution Chamber  
  37  4:54  Roach x3  
  37  4:55  Zergling x2  
  37  4:56  Overlord  
  44  5:18  Zerg Ground Armor Level 1  
  44  5:28  Overlord x2  
  44  5:35  Extractor  
  44  5:36  Drone  
  44  5:37  Zerg Missile Weapons Level 1  
  44  5:46  Drone x2  
  46  5:57  Spore Crawler  
  46  5:58  Spore Crawler  
  46  6:02  Spore Crawler, Drone  
  46  6:03  Drone x3  
  47  6:10  Roach  
  47  6:11  Roach x5  
  59  6:14  Zergling x2  
  59  6:15  Overlord x2  
  60  6:21  Extractor  
  60  6:22  Drone  
  60  6:23  Extractor, Drone  
  60  6:33  Drone x2  
  60  6:34  Drone x2  
  60  6:36  Drone x2  
  66  6:42  Drone  
  66  6:43  Drone  
  68  6:49  Drone  
  69  6:54  Roach  
  69  6:59  Lair  
  69  7:01  Roach x2  
  75  7:15  Overlord x3  
  75  7:16  Overlord  
  75  7:33  Queen  
  77  7:40  Roach  
  77  7:41  Roach x7  
  92  8:07  Glial Reconstitution  
  92  8:08  Queen, Hatchery  
  93  8:16  Hydralisk Den, Zerg Missile Weapons Level 2  
  93  8:17  Zerg Ground Armor Level 2  
  93  8:19  Zergling x10  
  97  8:41  Drone  
  98  8:44  Roach  
  98  8:45  Roach x4  
  108  8:51  Muscular Augments  
  108  9:08  Overseer  
  108  9:16  Overlord x2  
  108  9:17  Overlord x2  
  108  9:28  Roach  
  108  9:29  Roach x2  
  114  9:41  Drone  
  114  9:42  Drone x7  
  124  9:53  Roach x2  
  121  10:20  Roach  
  121  10:21  Roach x11  
  140  10:28  Spine Crawler  
  143  10:29  Spine Crawler  
  143  10:32  Spine Crawler  
  143  10:33  Spine Crawler  
Show
View Real Time Build Order
Export as new Build Order

zidar Zerg - Winner!

Build Orders: Pool First 

Get SALT Encoding   

  12  0:03  Drone  
  13  0:13  Overlord  
  13  0:17  Drone  
  14  0:31  Drone x2  
  16  0:38  Drone  
  17  0:48  Spawning Pool  
  16  0:51  Drone  
  17  1:14  Hatchery  
  16  1:30  Drone  
  16  1:31  Drone  
  18  1:34  Queen  
  20  1:43  Extractor  
  19  1:47  Zergling x2  
  19  1:48  Zergling x2  
  19  1:54  Drone  
  21  2:00  Roach Warren  
  20  2:16  Queen  
  22  2:30  Drone x4  
  26  2:45  Pneumatized Carapace  
  26  2:48  Drone x2  
  26  2:50  Overlord  
  28  2:52  Overlord  
  28  3:12  Drone  
  29  3:13  Drone x4  
  29  3:15  Overlord  
  33  3:44  Drone  
  33  3:45  Drone  
  33  3:46  Drone x2  
  33  3:48  Drone x2  
  39  3:49  Drone  
  39  3:55  Metabolic Boost  
  40  4:14  Queen  
  42  4:18  Drone  
  42  4:20  Drone  
  44  4:26  Overlord  
  44  4:27  Overlord  
  44  4:31  Hatchery, Drone  
  44  4:32  Drone x2  
  44  4:33  Drone x3  
  44  4:34  Drone  
  44  4:37  Extractor  
  49  4:40  Extractor  
  48  4:53  Lair  
  48  5:15  Extractor  
  47  5:47  Roach x3  
  47  5:48  Roach  
  47  5:49  Roach x8  
  71  5:50  Overlord  
  71  5:51  Overlord x2  
  71  6:20  Hydralisk Den  
  71  6:21  Drone x3  
  73  6:41  Drone x8  
  73  6:42  Drone x2  
  73  6:43  Evolution Chamber  
  73  6:46  Evolution Chamber, Glial Reconstitution  
  81  6:50  Muscular Augments  
  81  7:13  Extractor  
  81  7:14  Extractor  
  81  7:15  Drone x6  
  85  7:16  Drone x2  
  85  7:18  Overlord  
  85  7:19  Overlord x3  
  85  7:22  Zerg Missile Weapons Level 1  
  87  7:23  Zerg Ground Armor Level 1  
  87  7:29  Drone x2  
  89  7:31  Drone  
  90  7:53  Roach x9  
  90  7:54  Hydralisk x2  
  112  8:12  Drone x4  
  116  8:19  Roach x6  
  128  8:29  Overlord x3  
  128  8:46  Overseer  
  128  8:54  Hydralisk x12  
  152  8:58  Overlord x4  
  152  9:10  Infestation Pit  
  152  9:15  Hydralisk x2  
  152  9:16  Hydralisk x2  
  159  9:35  Hydralisk x4  
  165  10:26  Roach x10  
  185  10:29  Overlord x6  
Tags
 
Add a new tag
Caveats
  • Supply blocks, unpowered buildings, or Contaminate may cause inaccurate times.
  • Supply counts are checked every 10 seconds.